Cogmind - Beta 16 @@@ ROGUE MODE // 2026.01.06 @ 17:19:37 Player: Dosh Result: Destroyed by G-50 Soldier with Heavy Laser Performance ------------- Evolutions (4) 2000 Regions Visited (14) 2800 Robots Destroyed (197) 985 Value Destroyed (8695) 8695 Prototype IDs (31) 620 Alien Tech Used (0) 0 Bonus (5865) 5865 TOTAL SCORE: 20965 Bonus ------- High Alert Combat Kills 399 Follower Combat Kills 1666 Entered Garrisons 1000 Used RIF Installer 2500 Aligned with FarCom 300 Cogmind --------- Core Integrity 0/850 Matter 267/300 Energy 150/150 System Corruption 0% Temperature Cool (9) Movement Walking (120) Location -6/Garrison Parts ------- > --- POWER (2) -------- Light Angular Momentum Engine > --- PROPULSION (4) --- Carbon-fiber Leg Carbon-fiber Leg Carbon-fiber Leg Carbon-fiber Leg > --- UTILITY (7) ------ Advanced Heat Sink Targeting Computer Relay Coupler [Grunt] (33) Relay Coupler [Sentry] (26) > --- WEAPON (2) ------- Heavy Laser > --- INVENTORY (5) ---- Improved Shield Generator Relay Coupler [Grunt] (40) Relay Coupler [Sentry] (35) Relay Coupler [Sentry] (37) Peak State ------------ > --- POWER ------------ Reinforced Deuterium Engine Micro Nuclear Core > --- PROPULSION ------- Light Treads Light Treads Medium Treads Medium Treads > --- UTILITY ---------- High-capacity Storage Unit 0b10 Alert Chip Layered Medium Armor Plating Relay Coupler [Grunt] Relay Coupler [Sentry] Relay Coupler [Sentry] Supersonic Drone Bay > --- WEAPON ----------- Phase Cannon Remote Datajack > --- INVENTORY -------- Cryofiber Web Improved Heat Sink Advanced Heat Sink Improved Shield Generator System Shield Authchip [R/NC] Relay Coupler [NC] Relay Coupler [NC] Relay Coupler [Grunt] Relay Coupler [Grunt] Relay Coupler [Sentry] Relay Coupler [Sentry] Relay Coupler [Sentry] Relay Coupler [Sentry] Heavy Particle Cannon Heavy Plasma Cannon Gauss Rifle Missile Launcher [Rating: 64] Favorites ----------- Power Light Angular Momentum Engine Engine Light Angular Momentum Engine Power Core Micro Nuclear Core Reactor Light Antimatter Reactor Propulsion Medium Treads Treads Medium Treads Leg Carbon-fiber Leg Utility High-capacity Storage Unit Device Advanced Heat Sink Storage High-capacity Storage Unit Processor Advanced Targeting Computer Hackware Relay Coupler [Grunt] Protection Layered Medium Armor Plating Weapon Gauss Rifle Energy Gun Heavy Laser Energy Cannon Heavy Particle Cannon Ballistic Gun Gauss Rifle Ballistic Cannon Light Cannon Launcher Grenade Launcher Special Weapon Remote Datajack Special Melee Weapon Datajack Build | -11 -10 -10 -10 -9 -8 -8 -8 -8 -8 -8 -7 -7 -6 -6 ------- Run | Yrd Mat Min Exi Min Mat Gar Mat Gar Mat Gar Fac Gar Fac Gar Slots Evolved 8 | . . . . . 4 . . . . . 2 . 2 . Power 1 | . . . . . . . . . . . . . 1 . Propulsion 2 | . . . . . 1 . . . . . 1 . . . Utility 5 | . . . . . 3 . . . . . 1 . 1 . Weapon . | . . . . . . . . . . . . . . . Parts Attached 134 | 6 6 1 . 4 25 3 18 11 4 13 6 10 5 22 Power 22 | 1 1 1 . . 3 . 5 2 . 1 2 1 1 4 Engine 16 | 1 1 1 . . 3 . 4 2 . 1 1 1 . 1 Core 5 | . . . . . . . 1 . . . 1 . 1 2 Reactor 1 | . . . . . . . . . . . . . . 1 Propulsion 32 | 2 . . . 2 7 2 5 3 . 1 1 2 . 7 Treads 25 | 2 . . . 2 7 2 5 3 . 1 1 2 . . Leg 7 | . . . . . . . . . . . . . . 7 Wheel . | . . . . . . . . . . . . . . . Hover . | . . . . . . . . . . . . . . . Flight . | . . . . . . . . . . . . . . . Utility 53 | 1 1 . . 1 12 . 4 4 4 7 2 7 4 6 Device 12 | . . . . 1 2 . 2 1 . 2 . 1 2 1 Storage 3 | 1 1 . . . 1 . . . . . . . . . Processor 4 | . . . . . 1 . . . . . . . 1 2 Hackware 23 | . . . . . 1 . . 1 4 5 2 6 1 3 Protection 11 | . . . . . 7 . 2 2 . . . . . . Artifact . | . . . . . . . . . . . . . . . Weapon 27 | 2 4 . . 1 3 1 4 2 . 4 1 . . 5 Energy Gun 1 | . . . . . . . . . . . . . . 1 Energy Cannon 3 | . . . . . . . 1 . . 1 1 . . . Ballistic Gun 13 | 2 2 . . . 2 . 2 1 . . . . . 4 Ballistic Cannon 3 | . 2 . . . . . . . . 1 . . . . Launcher 3 | . . . . 1 . 1 . . . 1 . . . . Special Weapon 2 | . . . . . . . . 1 . 1 . . . . Impact Weapon . | . . . . . . . . . . . . . . . Slashing Weapon . | . . . . . . . . . . . . . . . Piercing Weapon . | . . . . . . . . . . . . . . . Special Melee Weapon 2 | . . . . . 1 . 1 . . . . . . . Unidentified Prototypes . | . . . . . . . . . . . . . . . Parts Lost 40 | . . 1 . 1 1 1 2 8 1 1 1 . 10 13 Power 8 | . . 1 . . . . . 2 . . 1 . 1 3 Propulsion 10 | . . . . 1 . . . 2 . . . . 4 3 Utility 10 | . . . . . . 1 1 3 . 1 . . 2 2 Weapon 12 | . . . . . 1 . 1 1 1 . . . 3 5 Highest Loss Streak 9 | . . 1 . 1 1 1 1 4 1 1 1 . 9 5 To Critical Strikes 1 | . . . . . . . . . . . . . . 1 Average Backups 16 | . 6 10 11 11 18 19 18 18 18 19 18 19 18 4 Power . | . 1 . . . . 1 1 . 1 . . 1 . . Propulsion 1 | . . 1 1 1 4 3 3 1 . 2 . . . . Utility 9 | . . 2 3 4 9 10 10 11 12 10 12 14 14 4 Weapon 3 | . 2 6 6 4 4 4 3 2 4 4 4 4 3 . Tool/Special . | . . . . . . . . . . . . . . . Unused Backups 27 | . 1 . . . 4 3 . 2 . 5 1 1 7 3 Power 2 | . 1 . . . . . . . . . 1 . . . Propulsion 3 | . . . . . 1 . . . . 2 . . . . Utility 17 | . . . . . 1 3 . 1 . 1 . 1 7 3 Weapon 3 | . . . . . 2 . . . . 1 . . . . Tool/Special 2 | . . . . . . . . 1 . 1 . . . . Average Slot Usage (%) 93 | . 85 84 58 98 96 89 97 93 99 98 98 98 95 51 Engine 8 | . 14 13 14 14 8 9 9 9 9 9 2 3 6 1 Treads 26 | . 28 28 28 27 26 27 26 26 27 27 30 30 23 . Device 7 | . . . . 13 1 6 14 9 9 11 14 9 6 1 Storage 9 | . 14 14 14 14 9 9 9 9 9 9 7 7 6 . Processor 4 | . . . . . 8 9 9 3 . . . . 6 6 Hackware 7 | . . . . . 8 1 . 5 13 13 14 18 22 12 Protection 9 | . . . . . 14 9 10 12 13 10 7 7 3 . Energy Cannon 3 | . . . . . . . . 5 7 8 7 7 7 . Ballistic Gun 10 | . 25 . . . 14 16 17 9 7 5 . . . 7 Ballistic Cannon 2 | . 2 28 1 27 3 . . . . . . . . . Special Weapon 1 | . . . . . . . . . 2 3 6 7 4 . Peak Build Rating 64 | 6 7 7 7 10 37 43 47 48 49 49 52 52 64 50 Average Rating 37 | 4 6 6 5 8 30 42 43 43 46 46 48 49 55 31 On Entrance 26 | . 6 7 7 6 9 37 43 42 47 49 47 50 50 1 Avg Prop Armor Cover (%) . | . . . . . . . . . . . . . . . Naked Turns 6 | . . . . . . . . . . . . . 4 2 Heaviest Build 83 | 10 31 31 31 32 72 74 79 81 81 83 74 75 83 22 Greatest Support 96 | 40 40 40 40 40 62 78 84 84 84 84 96 96 96 70 Greatest Overweight (x) 22 | 1 . . . 1 1 . 1 1 . . . . 22 5 Average Overweight (x) . | . . . . . . . . . . . . . . . Largest Inventory Capacity 20 | 8 15 15 15 15 20 20 20 20 20 20 20 20 20 5 Average Capacity 18 | 7 14 15 15 15 19 20 20 20 20 20 20 20 19 5 Most Carried 20 | 1 11 11 13 13 20 20 20 20 20 20 20 20 20 5 Average Carried 17 | . 6 10 11 11 18 19 19 18 18 19 18 19 18 4 Final Capacity 20 | 8 15 15 15 15 20 20 20 20 20 20 20 20 5 5 Final Carried 20 | 1 11 10 13 13 20 20 20 18 20 20 18 20 5 4 Class Distribution -------------------- 56% | Bothacker-Mutant 31% | Mutant 4% | Botlord-Mutant 4% | Commander-Mutant Dominant Class ---------------- Mutant | -10/Materials Commander-Mutant | -10/Mines Commander-Mutant | -10/Exiles Mutant | -9/Mines Mutant | -8/Materials Mutant | -8/Garrison Bothacker-Mutant | -8/Materials Bothacker-Mutant | -8/Garrison Bothacker-Mutant | -8/Materials Bothacker-Mutant | -8/Garrison Bothacker-Mutant | -7/Factory Bothacker-Mutant | -7/Garrison Botlord-Mutant | -6/Factory Scavenger-Mutant | -6/Garrison Resources | -11 -10 -10 -10 -9 -8 -8 -8 -8 -8 -8 -7 -7 -6 -6 ----------- Run | Yrd Mat Min Exi Min Mat Gar Mat Gar Mat Gar Fac Gar Fac Gar Matter Collected 6900 | 230 201 113 . 97 1230 481 1388 711 623 740 120 210 197 559 Remotely . | . . . . . . . . . . . . . . . Salvage Created 7126 | . 325 11 . 93 1125 803 1915 774 718 410 85 . 210 657 Parts 405 | . 15 . . 3 51 61 114 60 27 29 5 . 6 34 Haulers Intercepted 18 | . 2 . . . 6 . 6 . 2 . 1 . 1 . Recyclers Shooed 4 | . 1 . . . . . 1 . . . . . 2 . Parts Field Recycled . | . . . . . . . . . . . . . . . Retrieved Matter . | . . . . . . . . . . . . . . . Parts Self-Destructed . | . . . . . . . . . . . . . . . Prevented . | . . . . . . . . . . . . . . . Parts Restored . | . . . . . . . . . . . . . . . Kills | -11 -10 -10 -10 -9 -8 -8 -8 -8 -8 -8 -7 -7 -6 -6 ------- Run | Yrd Mat Min Exi Min Mat Gar Mat Gar Mat Gar Fac Gar Fac Gar Combat Hostiles Destroyed 150 | . 5 4 . 4 20 24 31 25 7 12 . . 1 17 Guns 81 | . 5 . . . 9 15 29 6 5 2 . . . 10 Cannons 31 | . . 4 . 1 8 . . 5 2 10 . . 1 . AOE 37 | . . . . 3 3 9 2 13 . . . . . 7 Classes Destroyed 19 | . 6 1 . 2 1 2 5 1 . 1 . . . . Worker 12 | . 1 . . . 5 . 4 . 1 . 1 . . . Builder 2 | . . . . . . . 2 . . . . . . . Hauler 18 | . 2 . . . 6 . 6 . 2 . 1 . 1 . Recycler 5 | . . . . 1 2 . . . 2 . . . . . Mechanic 2 | . . . . . . . 1 . 1 . . . . . Operator 1 | . . . . . . . 1 . . . . . . . Watcher 9 | . 1 . . . 3 . 3 . 2 . . . . . Swarmer 46 | . 1 . . 3 3 8 5 11 . 4 . . . 11 Cutter 2 | . . . . . . 2 . . . . . . . . Grunt 47 | . 3 . . . 11 6 12 4 4 1 . . 1 5 Brawler 6 | . . . . . 1 1 1 . . 1 . . 1 1 Duelist 5 | . . . . . . . 2 1 1 1 . . . . Sentry 27 | . . . . 1 5 5 9 5 2 . . . . . Specialist 1 | . . . . . . . . . . 1 . . . . Hunter 3 | . . . . . . . 2 1 . . . . . . Programmer 9 | . . . . . . 2 . 3 . 4 . . . . Behemoth 1 | . . . . . . . . 1 . . . . . . Subdweller 1 | . 1 . . . . . . . . . . . . . Assembled 4 | . . 4 . . . . . . . . . . . . Best Kill Streak 9 | . 1 2 . 3 5 9 6 4 2 2 1 . 1 7 Combat Bots Only 9 | . 1 2 . 3 3 9 4 4 1 2 . . 1 7 Max Kills in Single Turn 4 | . 1 1 . 2 2 4 2 4 2 1 1 . 1 2 Gunslinging 1 | . . . . . . . 1 . . . . . . . Exploded 4 | . . . . 2 2 4 1 3 . . . . . 2 Melee . | . . . . . . . . . . . . . . . Uniques/NPCs Destroyed . | . . . . . . . . . . . . . . . Combat | -11 -10 -10 -10 -9 -8 -8 -8 -8 -8 -8 -7 -7 -6 -6 -------- Run | Yrd Mat Min Exi Min Mat Gar Mat Gar Mat Gar Fac Gar Fac Gar Hostile Shots Fired 862 | . 35 20 . 9 115 56 117 141 31 57 47 26 99 109 Missed 258 | . 11 7 . 3 26 16 27 44 9 23 26 13 24 29 Hits 604 | . 24 13 . 6 89 40 90 97 22 34 21 13 75 80 Melee 5 | . . 2 . . . 2 1 . . . . . . . Projectile 599 | . 24 11 . 6 89 38 89 97 22 34 21 13 75 80 AOE 3 | . . . . . . 2 . . . 1 . . . . Critical Strikes 24 | . 2 . . . 5 . 3 4 . 1 . 1 4 4 Part Disruptions 1 | . . . . . . . . 1 . . . . . . Damage Taken 9706 | . 324 201 . 69 1303 656 1245 1585 338 448 183 249 1583 1522 Core 1568 | . 145 8 . . 101 44 96 173 28 50 16 50 537 320 Absorbed by Shields 224 | . . . . . . . 84 108 . 32 . . . . Ignored by Resistances 49 | . . . . . . . . 24 22 3 . . . . Regen/Repaired (Parts) 769 | . . . . . 318 . 288 . 163 . . . . . Core Remaining (%) 59 | 100 . . . 38 . . . . . 10 . 90 . . Volleys Fired 763 | . 59 14 . 8 106 43 127 60 114 85 13 34 33 67 Largest 2 | . 2 2 . 2 2 2 2 2 2 2 2 1 2 2 Hottest 175 | . 60 60 . 60 60 58 75 105 103 113 175 85 175 92 Shots Fired 1310 | . 118 27 . 12 206 87 255 112 148 123 19 35 47 121 Gun 841 | . 114 . . . 115 82 250 78 43 44 . . . 115 Cannon 349 | . 4 27 . 8 85 . 2 21 85 51 14 13 39 . Launcher 36 | . . . . 4 6 5 3 10 . 2 . . . 6 Special 84 | . . . . . . . . 3 20 26 5 22 8 . Kinetic 941 | . 118 27 . 8 200 82 250 78 43 48 . . . 87 Thermal 249 | . . . . . . . 2 21 85 47 14 13 39 28 Explosive 36 | . . . . 4 6 5 3 10 . 2 . . . 6 Electromagnetic . | . . . . . . . . . . . . . . . Robot Hit Streak 28 | . 10 5 . 7 20 28 23 21 10 13 14 13 9 19 Robot Miss Streak 7 | . 7 2 . . 4 2 3 4 3 6 2 2 5 3 Penetration Max 1 | . . . . . 1 1 1 1 1 1 . . . 1 Secondary Targets 5 | . . . . . . 1 1 1 . . . . . 2 Max Gunslinging Chain 1 | . . . . . . 1 1 1 . . . . . 1 Shots Hit Robots 796 | . 70 15 . 7 133 53 177 72 65 57 12 16 30 89 Core Hits 334 | . 26 7 . 6 59 31 81 41 21 17 2 . 5 38 Critical Kills 3 | . 1 . . . 1 . . . . . . . 1 . Critical Parts Destroyed 8 | . . . . . . 2 2 . 1 2 . . . 1 Critical Strikes 18 | . 2 1 . . 5 2 2 . 1 2 . . 1 2 Burn 1 | . . . . . . . . . . . . . . 1 Meltdown 1 | . . . . . . . . . . . . . 1 . Destroy 10 | . 1 . . . 1 2 2 . 1 2 . . . 1 Blast 6 | . 1 1 . . 4 . . . . . . . . . Melee Attacks . | . . . . . . . . . . . . . . . Impact . | . . . . . . . . . . . . . . . Slashing . | . . . . . . . . . . . . . . . Piercing . | . . . . . . . . . . . . . . . Sneak Attacks . | . . . . . . . . . . . . . . . Combat Hostiles . | . . . . . . . . . . . . . . . Follow-up Attacks . | . . . . . . . . . . . . . . . Damage Inflicted 18913 | . 618 272 . 495 3475 1579 4107 2458 1456 982 281 . 914 2276 Guns 10632 | . 558 . . . 1565 1137 3571 1099 669 398 . . . 1635 Cannons 4323 | . 36 262 . 131 1059 . . 414 647 582 281 . 911 . Explosions 3603 | . . . . 364 771 442 438 945 . 2 . . . 641 Melee . | . . . . . . . . . . . . . . . Ramming 355 | . 24 10 . . 80 . 98 . 140 . . . 3 . Kinetic 11779 | . 594 262 . 131 2624 1137 3571 1099 669 429 . . . 1263 Thermal 3176 | . . . . . . . . 414 647 551 281 . 911 372 Explosive 3603 | . . . . 364 771 442 438 945 . 2 . . . 641 Electromagnetic . | . . . . . . . . . . . . . . . Impact . | . . . . . . . . . . . . . . . Slashing . | . . . . . . . . . . . . . . . Piercing . | . . . . . . . . . . . . . . . Highest Corruption 12 | . . 2 2 2 . 3 5 10 10 12 . 1 . . Average Corruption 6 | . . 2 2 2 . 2 4 8 10 10 . 1 . . Corruption Purged . | . . . . . . . . . . . . . . . Corruption Blocked . | . . . . . . . . . . . . . . . Effects 312 | . . 5 1 7 . 10 82 49 105 51 . 2 . . Message Errors 78 | . . 1 . 3 . 1 22 9 28 14 . . . . Matter Fused 80 | . . 1 . 1 . 4 16 16 28 14 . . . . Heat Flow Errors 32 | . . 1 . . . . 8 5 15 3 . . . . Energy Discharges 35 | . . 1 . . . 4 5 8 10 7 . . . . Parts Rejected 3 | . . . . . . . 2 . . 1 . . . . Parts Fused 2 | . . . . . . . 1 1 . . . . . . Data Loss (minor) 41 | . . . 1 3 . . 13 5 12 6 . 1 . . Data Loss (major) 10 | . . . . . . . 3 2 5 . . . . . Misfires 14 | . . . . . . 1 8 1 2 1 . 1 . . Alerts 6 | . . . . . . . 1 1 1 3 . . . . Misdirections 4 | . . . . . . . . 1 2 1 . . . . Weapon Failures 7 | . . 1 . . . . 3 . 2 1 . . . . Overload Shots . | . . . . . . . . . . . . . . . Overflow Damage 245 | . . 6 . 28 58 37 20 20 3 4 . . 21 48 Projectiles 32 | . . 6 . . . . . . 1 4 . . 21 . Explosions 211 | . . . . 28 58 37 20 20 . . . . . 48 Melee 2 | . . . . . . . . . 2 . . . . . Knockbacks 6 | . 1 . . . 4 . . . . 1 . . . . Impact 1 | . . . . . 1 . . . . . . . . . Kinetic 5 | . 1 . . . 3 . . . . 1 . . . . Secondary . | . . . . . . . . . . . . . . . Self-Inflicted Damage 214 | . . . . . 6 . 32 68 . . . . . 108 Shots 8 | . . . . . 1 . 2 2 . . . . . 3 Rammed 43 | . 7 2 . . 12 . 11 . 10 . . . 1 . Targets Rammed 45 | . 7 2 . . 13 . 11 . 11 . . . 1 . Kicked . | . . . . . . . . . . . . . . . Crushed 2 | . . . . . 1 . . . 1 . . . . . Highest Temperature 684 | . 27 253 . . 249 9 243 200 252 353 153 36 684 94 Average Temperature 78 | . 13 109 . . 46 7 76 52 48 91 64 11 325 38 Received Heat Transfer 3060 | . 117 6 . 9 603 216 387 239 144 45 63 102 589 540 Effects 24 | . . . . . . . . . . 1 . . 23 . Shutdowns 3 | . . . . . . . . . . . . . 3 . Energy Bleed 2 | . . . . . . . . . . . . . 2 . Interference 4 | . . . . . . . . . . 1 . . 3 . Matter Decay 2 | . . . . . . . . . . . . . 2 . Short Circuit 5 | . . . . . . . . . . . . . 5 . Damage (minor) 1 | . . . . . . . . . . . . . 1 . Damage (major) 5 | . . . . . . . . . . . . . 5 . Damage (core) 2 | . . . . . . . . . . . . . 2 . Siege Activations . | . . . . . . . . . . . . . . . Martial Activations . | . . . . . . . . . . . . . . . Shielding Activations . | . . . . . . . . . . . . . . . Robots Disrupted . | . . . . . . . . . . . . . . . Combat Hostiles . | . . . . . . . . . . . . . . . Robots Corrupted 1 | . . . . . . . . . 1 . . . . . Combat Hostiles . | . . . . . . . . . . . . . . . Parts Fried . | . . . . . . . . . . . . . . . Impact Corruptions 1 | . . . . . . . . . 1 . . . . . Robots Melted 2 | . . . . . . . . 1 . . . . 1 . Combat Hostiles 1 | . . . . . . . . 1 . . . . . . Parts Melted 4 | . . . . . . . . 2 1 . . . 1 . Heat Transferred 4561 | . . . . . . . . 592 925 666 385 . 1216 777 Parts Sabotaged . | . . . . . . . . . . . . . . . Parts Stolen . | . . . . . . . . . . . . . . . Parts Stripped . | . . . . . . . . . . . . . . . Power Chain Reactions . | . . . . . . . . . . . . . . . Alert | -11 -10 -10 -10 -9 -8 -8 -8 -8 -8 -8 -7 -7 -6 -6 ------- Run | Yrd Mat Min Exi Min Mat Gar Mat Gar Mat Gar Fac Gar Fac Gar Maximum Alert Level 3 | . . . . . . 3 2 3 2 3 1 3 2 1 Low Security (%) 51 | 100 100 100 . 100 100 14 12 23 46 50 47 23 56 45 Level 1 28 | . . . . . . 29 82 4 35 13 52 6 . 54 Level 2 12 | . . . . . . 36 4 37 17 24 . 27 43 . Level 3 7 | . . . . . . 18 . 33 . 11 . 42 . . Level 4 . | . . . . . . . . . . . . . . . Level 5 . | . . . . . . . . . . . . . . . High Security . | . . . . . . . . . . . . . . . Max Security . | . . . . . . . . . . . . . . . Peak Influence 1077 | . 45 81 . 97 159 757 445 1077 549 717 375 998 523 389 Initial 524 | . . 9 . . 14 . 368 118 524 40 375 . 523 . Average 239 | . 5 9 . 23 40 444 297 559 221 296 177 515 213 190 Influence Increases 7419 | . 196 81 . 144 791 767 1040 1059 543 903 78 1078 220 519 Destroy 0b10 Robot/C 3892 | . 80 60 . 100 400 480 620 600 240 440 20 400 112 340 Destroy 0b10 Robot/NC 264 | . 20 . . 5 80 . 85 . 45 . 15 . 4 10 Destroy Leader 608 | . 26 10 . 10 118 10 198 30 80 20 12 40 34 20 Allied During Kill 441 | . . 11 . 6 6 . . 36 20 57 23 231 51 . Trap Triggered on 0b10 10 | . . . . . 10 . . . . . . . . . Successful Hack 122 | . 24 . . . 11 12 1 . 37 28 2 7 . . Select Force Hacks 60 | . 30 . . . . . . . 30 . . . . . Disable Machine 240 | . . . . . 60 . 90 15 45 15 . . . 15 Anti-Garrison Action 1250 | . . . . . . 250 . 300 . 250 . 400 . 50 Destroy Structure 325 | . 1 . . 23 31 15 31 78 31 78 6 . 7 24 Lose Combat Pursuer 207 | . 15 . . . 75 . 15 . 15 15 . . 12 60 Influence Decreases 7030 | . 172 56 49 107 828 10 1614 165 1557 249 795 80 1218 130 Entered New Map 1934 | . . 15 49 . 23 . 389 65 553 23 342 . 475 . Time Decay 2769 | . 172 41 . 97 562 . 745 . 658 . 293 . 201 . Lost Part 318 | . . . . 10 10 10 20 80 10 10 10 . 28 130 Lost Ally 379 | . . . . . 20 . 10 20 40 70 . 80 139 . Purge Threat 1630 | . . . . . 213 . 450 . 296 146 150 . 375 . Squads Dispatched 16 | . 1 . . . 1 . 7 . 3 . 1 . 3 . Investigation 5 | . 1 . . . . . 1 . 2 . 1 . . . Extermination . | . . . . . . . . . . . . . . . Reinforcement 5 | . . . . . 1 . 1 . 1 . . . 2 . Assault 1 | . . . . . . . 1 . . . . . . . Garrison 5 | . . . . . . . 4 . . . . . 1 . Intercept . | . . . . . . . . . . . . . . . Searches Triggered . | . . . . . . . . . . . . . . . Construction Impeded 1 | . . . . . . . . . 1 . . . . . Haulers Reinforced . | . . . . . . . . . . . . . . . Active Scanning Responses . | . . . . . . . . . . . . . . . Cargo Convoy Interrupts . | . . . . . . . . . . . . . . . Stealth | -11 -10 -10 -10 -9 -8 -8 -8 -8 -8 -8 -7 -7 -6 -6 --------- Run | Yrd Mat Min Exi Min Mat Gar Mat Gar Mat Gar Fac Gar Fac Gar Distress Signals 14 | . 1 . . . 1 . 5 . 5 1 1 . . . Communications Jammed . | . . . . . . . . . . . . . . . Distress Signals . | . . . . . . . . . . . . . . . Times Spotted 303 | . 19 7 . 4 42 16 51 27 28 29 5 33 16 26 Peak Tracking Total 8 | . 4 3 . 2 4 4 5 6 5 6 3 4 5 8 Tactical Retreats 14 | . 2 1 . . 4 . 1 . 1 1 . . 1 3 Traps | -11 -10 -10 -10 -9 -8 -8 -8 -8 -8 -8 -7 -7 -6 -6 ------- Run | Yrd Mat Min Exi Min Mat Gar Mat Gar Mat Gar Fac Gar Fac Gar Traps Triggered 12 | . . . . . . . 3 5 1 . . 1 . 2 Indirectly . | . . . . . . . . . . . . . . . Trap Hack Attempts 15 | . . . . . 10 . 5 . . . . . . . Triggered 1 | . . . . . . . 1 . . . . . . . Disarmed . | . . . . . . . . . . . . . . . Reprogrammed 1 | . . . . . 1 . . . . . . . . . Reused 1 | . . . . . 1 . . . . . . . . . Traps Extracted . | . . . . . . . . . . . . . . . Installed . | . . . . . . . . . . . . . . . Triggered 1 | . . . . . 1 . . . . . . . . . Machines | -11 -10 -10 -10 -9 -8 -8 -8 -8 -8 -8 -7 -7 -6 -6 ---------- Run | Yrd Mat Min Exi Min Mat Gar Mat Gar Mat Gar Fac Gar Fac Gar Machines Disabled 33 | . . . . . 4 4 6 7 3 3 . 4 . 2 Max in Single Turn 2 | . . . . . 1 2 1 2 1 1 . 1 . 1 Garrison Relay 13 | . . . . . . 3 . 3 . 2 . 4 . 1 Phase Generator 1 | . . . . . . . . 1 . . . . . . Machines Repaired . | . . . . . . . . . . . . . . . Machines Dismantled . | . . . . . . . . . . . . . . . Machines Sabotaged . | . . . . . . . . . . . . . . . Overloaded Fab Kills . | . . . . . . . . . . . . . . . Hacking | -11 -10 -10 -10 -9 -8 -8 -8 -8 -8 -8 -7 -7 -6 -6 --------- Run | Yrd Mat Min Exi Min Mat Gar Mat Gar Mat Gar Fac Gar Fac Gar Machines Accessed 57 | . 5 . 2 . 12 2 13 3 8 3 5 3 1 . Terminals 40 | . 4 . . . 8 2 9 3 5 3 3 3 . . Fabricators . | . . . . . . . . . . . . . . . Repair Stations 5 | . . . . . 2 . 2 . 1 . . . . . Recycling Units 1 | . 1 . . . . . . . . . . . . . Scanalyzers 4 | . . . . . 1 . 1 . 1 . 1 . . . Garrison Access 5 | . . . . . 1 . 1 . 1 . 1 . 1 . Total Hacks 159 | . 12 . 2 . 51 6 26 4 29 4 17 7 1 . Successful 88 | . 6 . 2 . 34 2 12 1 19 3 7 1 1 . Failed 69 | . 6 . . . 16 4 14 3 10 1 9 6 . . Catastrophic 12 | . . . . . 1 . 5 2 1 1 1 1 . . Database Lockouts 2 | . . . . . 1 . . . . . 1 . . . Manual 73 | . 13 . 1 . 23 3 8 . 15 . 10 . . . Terminals 115 | . 11 . . . 37 6 17 4 21 4 8 7 . . Fabricators . | . . . . . . . . . . . . . . . Repair Stations 17 | . . . . . 12 . 3 . 2 . . . . . Recycling Units 1 | . 1 . . . . . . . . . . . . . Scanalyzers 13 | . . . . . 1 . 4 . 3 . 5 . . . Garrison Access 11 | . . . . . 1 . 2 . 3 . 4 . 1 . Terminal Hacks 37 | . 4 . 2 . 13 1 3 1 7 3 2 1 . . Record 1 | . . . 1 . . . . . . . . . . . Robot Schematic 2 | . 1 . . . 1 . . . . . . . . . Robot Analysis 6 | . 2 . . . 2 . . . 2 . . . . . Prototype ID Bank 4 | . 1 . . . 2 . . . 1 . . . . . Open Door 2 | . . . . . . . . . . 1 . 1 . . Level Access Points 1 | . . . . . . . . . 1 . . . . . Emergency Access Points 2 | . . . . . . . . 1 . 1 . . . . Repair Station Index 1 | . . . . . . . . . 1 . . . . . Alert Level 1 | . . . . . 1 . . . . . . . . . Unreport Threat 7 | . . . . . 3 . 3 . . . 1 . . . Dispatch Records 1 | . . . . . . . . . . . 1 . . . Surveillance Status 1 | . . . . . . . . . 1 . . . . . Patrol Status 1 | . . . . . 1 . . . . . . . . . Hauler Manifests 3 | . . . . . 2 . . . 1 . . . . . Zone Layout 1 | . . . . . 1 . . . . . . . . . Garrison Registry 2 | . . . . . . 1 . . . 1 . . . . Proto ID Catalog 1 | . . . 1 . . . . . . . . . . . Fabricator Hacks . | . . . . . . . . . . . . . . . Repair Station Hacks 16 | . . . . . 12 . 2 . 2 . . . . . Scan Component 8 | . . . . . 6 . 1 . 1 . . . . . Repair 8 | . . . . . 6 . 1 . 1 . . . . . Recycling Unit Hacks . | . . . . . . . . . . . . . . . Scanalyzer 7 | . . . . . . . 4 . . . 3 . . . Retrieve Study 7 | . . . . . . . 4 . . . 3 . . . Garrison Access Hacks 8 | . . . . . 1 . 2 . 2 . 2 . 1 . Unlock Access 5 | . . . . . 1 . 1 . 1 . 1 . 1 . Coupler Status 3 | . . . . . . . 1 . 1 . 1 . . . Unauthorized Hacks 20 | . 2 . . . 8 1 1 . 8 . . . . . Terminals 18 | . 1 . . . 8 1 1 . 7 . . . . . Assimilate 1 | . 1 . . . . . . . . . . . . . Botnet 5 | . . . . . 3 . 1 . 1 . . . . . Operators 1 | . . . . . . . . . 1 . . . . . Skim 10 | . . . . . 5 . . . 5 . . . . . Override 1 | . . . . . . 1 . . . . . . . . Fabricators . | . . . . . . . . . . . . . . . Repair Stations . | . . . . . . . . . . . . . . . Recycling Units 1 | . 1 . . . . . . . . . . . . . Tunnel 1 | . 1 . . . . . . . . . . . . . Scanalyzers . | . . . . . . . . . . . . . . . Garrison Access 1 | . . . . . . . . . 1 . . . . . Eject 1 | . . . . . . . . . 1 . . . . . Data Cores Recovered 1 | . . . . . . . 1 . . . . . . . Used . | . . . . . . . . . . . . . . . Hacking Detections 44 | . 4 . . . 9 2 10 3 7 2 4 3 . . Full Trace Events 5 | . . . . . . 1 . . . 1 1 2 . . Feedback Events 1 | . . . . . . . . . . . . 1 . . Corruption 1 | . . . . . . . . . . . . 1 . . Feedback Blocked . | . . . . . . . . . . . . . . . Robot Schematics Acquired 2 | . 1 . . . 1 . . . . . . . . . Robots Built . | . . . . . . . . . . . . . . . Authchips . | . . . . . . . . . . . . . . . Time . | . . . . . . . . . . . . . . . Total Robot Build Rating . | . . . . . . . . . . . . . . . Part Schematics Acquired . | . . . . . . . . . . . . . . . Parts Built . | . . . . . . . . . . . . . . . Authchips . | . . . . . . . . . . . . . . . Time . | . . . . . . . . . . . . . . . Total Part Build Rating . | . . . . . . . . . . . . . . . Part Studies Acquired 7 | . . . . . . . 4 . . . 3 . . . Parts Repaired 7 | . . . . . 5 . 1 . 1 . . . . . Time 286 | . . . . . 198 . 38 . 50 . . . . . Parts Recycled . | . . . . . . . . . . . . . . . Recycled Matter . | . . . . . . . . . . . . . . . Retrieved Matter . | . . . . . . . . . . . . . . . Retrieved Components . | . . . . . . . . . . . . . . . Parts Scanalyzed . | . . . . . . . . . . . . . . . Part Schematics Acquired . | . . . . . . . . . . . . . . . Parts Damaged . | . . . . . . . . . . . . . . . Bothacking | -11 -10 -10 -10 -9 -8 -8 -8 -8 -8 -8 -7 -7 -6 -6 ------------ Run | Yrd Mat Min Exi Min Mat Gar Mat Gar Mat Gar Fac Gar Fac Gar Used RIF Installer 5 | . . . . . . 1 . 1 . 1 . 1 . 1 Coupler Efficiency 1 | . . . . . . . . . . . . . . 1 Command Fork 1 | . . . . . . . . . . . . 1 . . Zone Cloak 1 | . . . . . . . . . . 1 . . . . Robot Detection 1 | . . . . . . . . 1 . . . . . . Robots Hacked 33 | . . . . . . . . 1 7 6 3 12 4 . Non-combat 6 | . . . . . . . . . 5 . . . 1 . Combat 27 | . . . . . . . . 1 2 6 3 12 3 . Robot Hacks Applied 44 | . . . . . . . . 2 12 8 3 12 7 . parse_system 3 | . . . . . . . . . 3 . . . . . ignore_repairs 1 | . . . . . . . . . 1 . . . . . purge_threat 7 | . . . . . . . . . 3 1 . . 3 . block_reporting 1 | . . . . . . . . . 1 . . . . . find_garrison 1 | . . . . . . . . . 1 . . . . . overload_power 1 | . . . . . . . . . . . . 1 . . amplify_resonance 9 | . . . . . . . . . . 3 . 5 1 . overwrite_iff 8 | . . . . . . . . 1 1 1 . 4 1 . formatsys_low 3 | . . . . . . . . . 2 1 . . . . formatsys_high 10 | . . . . . . . . 1 . 2 3 2 2 . Relay Couplers Released 65 | . . . . . . 15 . 14 4 12 . 17 . 3 Ejected 4 | . . . . . . . . . 4 . . . . . Machine Destruction 58 | . . . . . . 15 . 14 . 9 . 17 . 3 Programmers 3 | . . . . . . . . . . 3 . . . . Attached 22 | . . . . . . . . 1 4 5 2 6 1 3 Fabnet Peak Effective % . | . . . . . . . . . . . . . . . Robots Rewired 14 | . . . . . . . . 3 . 8 . 3 . . Allies Hacked 1 | . . . . . . . . . . . . . 1 . Hacks Repelled . | . . . . . . . . . . . . . . . Allies | -11 -10 -10 -10 -9 -8 -8 -8 -8 -8 -8 -7 -7 -6 -6 -------- Run | Yrd Mat Min Exi Min Mat Gar Mat Gar Mat Gar Fac Gar Fac Gar Total Allies 37 | . 1 3 . . . . . 4 3 11 3 9 3 . Largest Group 10 | . 1 4 4 4 2 1 1 3 3 7 10 10 10 . Highest-Rated Group 266 | . 10 50 50 50 26 10 10 63 58 126 209 266 266 . Highest-Rated Ally 39 | . 10 16 16 16 16 10 10 29 26 39 39 39 39 . Total Orders 16 | . . . . . 2 4 3 . . 4 . 2 1 . STAY 9 | . . . . . 1 2 2 . . 3 . 1 . . FOLLOW 6 | . . . . . 1 2 1 . . 1 . 1 . . EXPLORE 1 | . . . . . . . . . . . . . 1 . Ally Attacks 245 | . . 11 . 6 10 . . 27 32 41 12 75 31 . Total Damage 5335 | . . 56 . 102 94 . . 486 554 635 170 2269 969 . Kills 59 | . . 3 . 1 . . . 5 8 10 2 23 7 . Allies Corrupted 1 | . . . . . . . . . . . . . 1 . Allies Melted . | . . . . . . . . . . . . . . . Intel | -11 -10 -10 -10 -9 -8 -8 -8 -8 -8 -8 -7 -7 -6 -6 ------- Run | Yrd Mat Min Exi Min Mat Gar Mat Gar Mat Gar Fac Gar Fac Gar Active Infowar (turns) . | . . . . . . . . . . . . . . . Robot Analysis Total 6 | . 2 . . . 2 . . . 2 . . . . . Derelict Logs Recovered 2 | . . 1 . 1 . . . . . . . . . . Drone Launches 1 | . . . . . . . . . . . . . 1 . Drone Recoveries 1 | . . . . . . . . . . . . . 1 . Exploration | -11 -10 -10 -10 -9 -8 -8 -8 -8 -8 -8 -7 -7 -6 -6 ------------- Run | Yrd Mat Min Exi Min Mat Gar Mat Gar Mat Gar Fac Gar Fac Gar Turns Passed 19335 | 70 1172 613 380 385 3434 724 3894 1658 2517 1351 680 1243 515 699 Spaces Moved 8957 | 44 615 273 234 213 1220 346 1859 781 1093 647 373 709 250 300 Core 89 | 10 . . . . . . . . . . . . 10 69 Treads 8637 | 34 615 273 234 213 1220 346 1859 781 1093 647 373 709 240 . Legs 231 | . . . . . . . . . . . . . . 231 Wheels . | . . . . . . . . . . . . . . . Hover . | . . . . . . . . . . . . . . . Flight . | . . . . . . . . . . . . . . . Fastest Speed 50 | 50 160 160 160 160 160 155 150 160 160 160 160 160 50 50 Average Speed 168 | 139 160 160 160 160 222 155 162 172 160 160 160 160 162 132 Slowest Speed 1150 | 160 160 160 160 240 240 155 203 203 160 160 160 160 1150 300 Overloaded Moves . | . . . . . . . . . . . . . . . Propulsion Burnouts . | . . . . . . . . . . . . . . . Robots Hopped . | . . . . . . . . . . . . . . . Potential Cave-ins 7 | . . . . . . . . . 7 . . . . . Cave-ins Triggered . | . . . . . . . . . . . . . . . Exploration Rate (%) 56 | 4 96 75 60 50 76 46 90 82 51 62 14 85 18 32 Regions Visited 14 Branch Regions 3 Pre-discovered Areas 9 | . 1 1 1 1 3 . . . 2 . . . . . Known Exits Taken 5 | . . . . . 1 . 1 . 1 . 1 . 1 . Unknown Exits Taken 5 | 1 1 1 1 1 . . . . . . . . . . Scrap Searched . | . . . . . . . . . . . . . . . Spaces Dug 31 | . . . . 9 . . 1 . 9 . . . . 12 Terrain Destroyed 320 | . . . . 33 28 3 27 111 59 25 4 . 7 23 Melee . | . . . . . . . . . . . . . . . Projectile 77 | . . . . . . 3 3 . 59 1 4 . 7 . AOE 243 | . . . . 33 28 . 24 111 . 24 . . . 23 Terrain Rammed . | . . . . . . . . . . . . . . . Walls Destroyed . | . . . . . . . . . . . . . . . Machines Disabled . | . . . . . . . . . . . . . . . Actions | -11 -10 -10 -10 -9 -8 -8 -8 -8 -8 -8 -7 -7 -6 -6 --------- Run | Yrd Mat Min Exi Min Mat Gar Mat Gar Mat Gar Fac Gar Fac Gar Total 11884 | 50 704 420 242 243 1732 453 2478 980 1711 853 437 795 311 475 Wait 1687 | . 5 131 2 14 298 39 431 79 462 66 37 33 11 79 Move 8947 | 43 614 272 233 212 1220 345 1859 780 1092 646 373 708 250 300 Hop . | . . . . . . . . . . . . . . . Pick Up 96 | 1 7 . 3 2 21 10 5 11 10 16 2 4 1 3 Fast Attach 49 | 6 3 . . 1 10 . 5 . 1 . 1 2 1 19 Attach 40 | . . 1 . 3 4 3 1 10 2 5 3 . 4 4 Detach 9 | . 3 . 2 . 2 . . . . 1 . . 1 . Swap 125 | . 3 . . 3 21 4 21 12 15 22 6 8 8 2 Drop 78 | . 3 . 2 . 27 9 13 3 3 10 2 5 1 . Fire 763 | . 59 14 . 8 106 43 127 60 114 85 13 34 33 67 Melee . | . . . . . . . . . . . . . . . Ram . | . . . . . . . . . . . . . . . Kick . | . . . . . . . . . . . . . . . Crush 45 | . 7 2 . . 13 . 11 . 11 . . . 1 . Escape Stasis 3 | . . . . . . . . 2 . . . . . 1 Rewire 27 | . . . . . . . . 23 1 2 . 1 . . Trap 15 | . . . . . 10 . 5 . . . . . . . Miscellaneous . | . . . . . . . . . . . . . . . Route ------- -11/Scrapyard -10/Materials (discovered 5 exits: [*Mat x2] / [*Min x2] / [*Sub]) -10/Mines (discovered 2 exits: [*Mat] / *Exi) -10/Exiles -9/Mines -8/Materials (discovered 3 exits: *Fac x2 / Gar) -8/Garrison (discovered 3 exits: *Mat x3) -8/Materials (discovered 4 exits: *Fac x3 / Gar) -8/Garrison (discovered 4 exits: *Fac x3 / *Mat) -8/Materials (discovered 4 exits: *Fac x3 / Gar) -8/Garrison (discovered 3 exits: *Fac x3) -7/Factory (discovered 6 exits: Fac x2 / Sto / *Low x2 / Gar) -7/Garrison (discovered 3 exits: *Fac x3) -6/Factory (discovered 2 exits: Ext / Gar) -6/Garrison History --------- Turn | Location | Event 21 | -11/Scrapyard | Discovered new exit (range 16) 71 | -11/Scrapyard | Entered Materials 113 | -10/Materials | Discovered new exit (range 15) 307 | -10/Materials | Build established: Mutant 413 | -10/Materials | Discovered new exit (range 15) 545 | -10/Materials | Discovered new exit (range 14) 571 | -10/Materials | Derelicts attacked the area 649 | -10/Materials | Discovered new exit (range 12) 872 | -10/Materials | Core integrity fell below 50% 907 | -10/Materials | Discovered new exit (range 14) 1243 | -10/Materials | Entered Mines 1243 | -10/Mines | Accompanied by 1 ally 1244 | -10/Mines | Assembled infested the area 1539 | -10/Mines | Assisted by bots powering up and referring to "LRC-V3" 1606 | -10/Mines | Discovered new exit (range 3) 1638 | -10/Mines | Learned location of Zion (-6) 1831 | -10/Mines | Build established: Commander-Mutant 1844 | -10/Mines | Deemed a non-threat by the Exiles lab entrance 1844 | -10/Mines | Discovered new exit (range 5) 1856 | -10/Mines | Entered Exiles 1856 | -10/Exiles | Accompanied by 4 allies 1897 | -10/Exiles | Met 8R-AWN 1925 | -10/Exiles | Met EX-HEX 1968 | -10/Exiles | Met EX-BIN 1989 | -10/Exiles | Aligned with FarCom system 1990 | -10/Exiles | Given EX-Vault access code 2031 | -10/Exiles | Opened EX-Vault 2044 | -10/Exiles | Found Supersonic Drone Bay 2053 | -10/Exiles | Found 0b10 Alert Chip 2088 | -10/Exiles | Warned to stay clear of 0b10 Research branches 2132 | -10/Exiles | Met EX-DEC 2217 | -10/Exiles | Discovered new exit (range 14) 2236 | -10/Exiles | Stole two prototypes: 0b10 Alert Chip, Supersonic Drone Bay 2236 | -10/Exiles | Entered Mines 2236 | -9/Mines | Accompanied by 4 allies 2291 | -9/Mines | Learned location of Storage (-7) 2298 | -9/Mines | Received a Rocket Launcher from a helpful Derelict 2525 | -9/Mines | Discovered new exit (range 12) 2621 | -9/Mines | Entered Materials 2621 | -8/Materials | Accompanied by 2 allies 2621 | -8/Materials | Evolved 4 slots: Propulsion x1, Utility x3 2663 | -8/Materials | Build established: Mutant 3656 | -8/Materials | Discovered new exit (range 16) 3972 | -8/Materials | Central database locked down 4181 | -8/Materials | Learned location of 2 exits from Factory 4329 | -8/Materials | Learned 4 Recycling zone layouts 4359 | -8/Materials | Repaired Hrd. Medium Armor Plating 4387 | -8/Materials | Learned Storage security intel 4398 | -8/Materials | Repaired Lgt. Deuterium Engine 4434 | -8/Materials | Learned Storage trap positions 4473 | -8/Materials | Learned location of Lower Caves (-7) 4500 | -8/Materials | Learned 2 Lower Caves zone layouts 4535 | -8/Materials | Learned Factory fabricator intel 4581 | -8/Materials | Learned Storage terminal intel 4710 | -8/Materials | Repaired Lgt. Treads 4749 | -8/Materials | Repaired Lgt. Deuterium Engine 4777 | -8/Materials | Repaired Lgt. Treads 5235 | -8/Materials | Discovered new exit (range 9) 6055 | -8/Materials | Identified exit to Garrison 6055 | -8/Materials | Entered Garrison 6055 | -8/Garrison | Accompanied by 1 ally 6073 | -8/Garrison | Triggered checkpoint 6124 | -8/Garrison | Garrison Relay disabled 6195 | -8/Garrison | Garrison Relay disabled 6377 | -8/Garrison | Triggered checkpoint 6396 | -8/Garrison | Triggered checkpoint 6417 | -8/Garrison | Destroyed 9 combat bots 6542 | -8/Garrison | Triggered checkpoint 6622 | -8/Garrison | Discovered new exit (range 18) 6622 | -8/Garrison | Discovered new exit (range 66) 6622 | -8/Garrison | Discovered new exit (range 64) 6644 | -8/Garrison | Identified exit to Materials 6748 | -8/Garrison | Installed Relay Interface Framework 6779 | -8/Garrison | Entered Materials 6779 | -8/Materials | Accompanied by 1 ally 7050 | -8/Materials | Build established: Bothacker-Mutant 7558 | -8/Materials | Discovered new exit (range 6) 7579 | -8/Materials | First assault squad dispatched 7971 | -8/Materials | Discovered new exit (range 16) 8093 | -8/Materials | Repaired Hvy. Armor Plating 8101 | -8/Materials | Garrison activated, responded to threat 8737 | -8/Materials | Discovered new exit (range 9) 9406 | -8/Materials | Garrison activated, responded to threat 10673 | -8/Materials | Identified exit to Garrison 10673 | -8/Materials | Entered Garrison 10759 | -8/Garrison | Triggered checkpoint 10784 | -8/Garrison | Garrison Relay disabled 11070 | -8/Garrison | Phase Generator disabled 11114 | -8/Garrison | Triggered checkpoint 11139 | -8/Garrison | Triggered checkpoint 11191 | -8/Garrison | Core integrity fell below 50% 11224 | -8/Garrison | System corruption reached 10% 11285 | -8/Garrison | Spotted B-75 Beast 11304 | -8/Garrison | Discovered new exit (range 6) 11365 | -8/Garrison | Destroyed B-75 Beast 11381 | -8/Garrison | Triggered checkpoint 11393 | -8/Garrison | Lost 4 parts (1p1n1u1w) 11503 | -8/Garrison | Garrison Relay disabled 11553 | -8/Garrison | Expanded RIF knowledge: Robot Detection 11575 | -8/Garrison | Garrison Relay disabled 11769 | -8/Garrison | Triggered checkpoint 11826 | -8/Garrison | Discovered new exit (range 14) 11915 | -8/Garrison | Triggered checkpoint 12065 | -8/Garrison | Triggered checkpoint 12242 | -8/Garrison | Discovered new exit (range 12) 12319 | -8/Garrison | Discovered new exit (range 6) 12331 | -8/Garrison | Entered Materials 12331 | -8/Materials | Accompanied by 2 allies 12432 | -8/Materials | Repaired Lyr. Medium Armor Plating 13726 | -8/Materials | Discovered new exit (range 13) 13986 | -8/Materials | Core integrity fell below 20% 14260 | -8/Materials | Identified exit to Factory 14305 | -8/Materials | Learned Factory non-interactive machine intel 14342 | -8/Materials | Learned Storage terminal intel 14397 | -8/Materials | Learned Factory recycling unit intel 14398 | -8/Materials | Learned location of 1 exit from Lower Caves 14406 | -8/Materials | Learned Storage stockpile data 14423 | -8/Materials | Learned location of 2 exits from Factory 14450 | -8/Materials | Learned 2 Storage zone layouts 14841 | -8/Materials | Identified exit to Garrison 14848 | -8/Materials | Entered Garrison 14848 | -8/Garrison | Accompanied by 1 ally 15044 | -8/Garrison | P-60 Hacker assimilated allied Administrator 3a 15147 | -8/Garrison | Triggered checkpoint 15204 | -8/Garrison | Garrison Relay disabled 15350 | -8/Garrison | Triggered checkpoint 15391 | -8/Garrison | Triggered checkpoint 15550 | -8/Garrison | Discovered exit to Factory (range 5) 15550 | -8/Garrison | Discovered exit to Factory (range 62) 15550 | -8/Garrison | Discovered exit to Factory (range 80) 15598 | -8/Garrison | Expanded RIF knowledge: Zone Cloak 15666 | -8/Garrison | Triggered checkpoint 15677 | -8/Garrison | Garrison Relay disabled 15788 | -8/Garrison | Triggered checkpoint 16009 | -8/Garrison | P-60 Hacker assimilated allied Defender 3b 16199 | -8/Garrison | Entered Factory 16199 | -7/Factory | Accompanied by 7 allies 16199 | -7/Factory | Evolved 2 slots: Propulsion x1, Utility x1 16200 | -7/Factory | Identified exit to Storage 16201 | -7/Factory | Identified exit to Factory 16201 | -7/Factory | Identified exit to Lower Caves 16201 | -7/Factory | FarCom data flow suspended 16202 | -7/Factory | Loaded intel: 216 non-interactive machine locations 16203 | -7/Factory | Loaded intel: 6 fabricator locations 16204 | -7/Factory | Loaded intel: 6 recycling unit locations 16262 | -7/Factory | Central database locked down 16849 | -7/Factory | Identified exit to Garrison 16879 | -7/Factory | Entered Garrison 16879 | -7/Garrison | Accompanied by 10 allies 16949 | -7/Garrison | Triggered checkpoint 17050 | -7/Garrison | Garrison Relay disabled 17143 | -7/Garrison | Triggered checkpoint 17147 | -7/Garrison | Triggered checkpoint 17171 | -7/Garrison | Triggered checkpoint 17223 | -7/Garrison | Triggered checkpoint 17235 | -7/Garrison | Triggered checkpoint 17276 | -7/Garrison | Lost 3 allies 17353 | -7/Garrison | Discovered exit to Factory (range 12) 17407 | -7/Garrison | Triggered checkpoint 17425 | -7/Garrison | Garrison Relay disabled 17563 | -7/Garrison | Triggered checkpoint 17591 | -7/Garrison | Garrison Relay disabled 17634 | -7/Garrison | Discovered exit to Factory (range 14) 17661 | -7/Garrison | Expanded RIF knowledge: Command Fork 17849 | -7/Garrison | Discovered exit to Factory (range 14) 17946 | -7/Garrison | Garrison Relay disabled 17977 | -7/Garrison | Build established: Botlord-Mutant 18122 | -7/Garrison | Entered Factory 18122 | -6/Factory | Accompanied by 10 allies 18122 | -6/Factory | Evolved 2 slots: Power x1, Utility x1 18123 | -6/Factory | Identified exit to Extension 18431 | -6/Factory | Lost 5 allies 18547 | -6/Factory | Garrison activated, responded to threat 18593 | -6/Factory | Lost 7 allies 18627 | -6/Factory | Core integrity fell below 50% 18633 | -6/Factory | Released all parts (6) 18637 | -6/Factory | Identified exit to Garrison 18637 | -6/Factory | Entered Garrison 18655 | -6/Garrison | Expanded RIF knowledge: Coupler Efficiency 18663 | -6/Garrison | Lost 9 parts (1p3n2u3w) 18850 | -6/Garrison | Triggered checkpoint 18890 | -6/Garrison | Garrison Relay disabled 18949 | -6/Garrison | Triggered checkpoint 18952 | -6/Garrison | Triggered checkpoint 18981 | -6/Garrison | Destroyed 7 combat bots 18991 | -6/Garrison | Lost 5 parts (2p1u2w) 19039 | -6/Garrison | Core integrity fell below 20% 19176 | -6/Garrison | Lost 3 parts (1p1n1w) 19331 | -6/Garrison | Build established: Scavenger-Mutant 19336 | -6/Garrison | Destroyed by G-50 Soldier with Heavy Laser Last Messages --------------- 19174_ Acquired 52 matter. 19178_ Acquired Carbon-fiber Leg. 19182_ Acquired Adv. Heat Sink. 19188_ Acquired 64 matter. 19192_ Acquired Carbon-fiber Leg. 19206_ G-50 Soldier destroyed. 19215_ Acquired Carbon-fiber Leg. 19217_ Acquired 70 matter. 19228_ B-48 Gladiator suffers critical hit (Burn). 19231_ B-48 Gladiator heat damages Lgt. Treads. 19232_ B-48 Gladiator heat short circuits Lgt. Treads. 19244_ B-48 Gladiator destroyed. 19250_ Acquired 63 matter. 19283_ Acquired 7 matter. 19298_ Relay Coupler [Grunt] destroyed. 19307_ Critical hit (Destroy). 19307_ Autogun destroyed. 19316_ S-27 Virus destroyed. 19326_ Triggered Alarm Trap. 19326_ An alarm sounds. Map ----- +----------------------------------------------------+ | ?????????????????????????????????????????????????? | | ?????????????????????????????????????????????????? | | ???????????????????????????????????????????? ????? | | ????????????????????????????????####??""""?# #??? | | ????????????????????????????????# #?? | | ???????????????????????????????? ? ?? | | ???????????????????????????????? ? = ##? | | ????????????????????????????????# ?# # %%* ?? | | ????????????????????????????????# ## # = ### | | ???????????????????????????????g" # | | ???????????????????????????????g" # | | ???????????????????????????????g" # | | ????????????????????????????????" % ? | | ????????????????????????????????# ## # = #?? | | ??????????????????????########### ## #?? | | ????????????????????? [ ### | | ??????????????????????? | | ???????????????????????# #?????# #? | | ???????????????????????# #?????# ## # = ##? | | ???????????????????????# #?????# ## ## ##? | | ???????????????????????# #?????#=g ####### = ##? | | ???????????????????????# #?????#%g #????# #? | | ???????????????????????# #?????# #????# # ##? | | ???????????????????????# #?????# g#????### ##?? | | ???????????????????????# #?????# #??????# #??? | | ??????????????????###### @####### #??????# #### | | ??????????? #??????# | | ??????????? #??????# | | ??????????? g #??????####### | | ???????????###### ##### ####+#### #????????????? | | ????????????????# ?????# #??? #??? #????????????? | | ???????????????????????# ????#??? #????????????? | | ???????????????Y???????# ?g?????? #????????????? | | ???????????????Y???????# ???????? #????????????? | | ???????????????????????# #???????? #????????????? | | ???????????????????????# ????????? ?????????????? | | ???????????????????????# ????????? ?????????????? | | ???????????????????????# ???????????????????????? | | ???????????????????????# ???????????????????????? | | ???????????????????????# ???????????????????????? | | ???????????????????????# ???????????????????????? | | ?????????????????????????????????????????????????? | | ?????????????????????????????????????????????????? | | ?????????????????????????????????????????????????? | | ?????????????????????????????????????????????????? | | ?????????????????????????????????????????????????? | | ?????????????????????????????????????????????????? | | ?????????????????????????????????????????????????? | | ?????????????????????????????????????????????????? | | ?????????????????????????????????????????????????? | +----------------------------------------------------+ Best States ------------- Heat Dissipation 72 Energy Generation 31 Energy Capacity 340 Matter Stores 300 Matter Capacity 300 Sight Range 16 Terrain Scan Density 10 Base Temperature (-) 100 Armor Coverage 600 Resistance: TH 15 Resistance: EM 15 Evasion (%) 55 Targeting Accuracy 10 Recoil Reduction 4 Defensive Hacking 10 Relay Coupler Types 3 Relay Coupler Value 98 Authchip Count 1 Item Schematics ----------------- None Robot Schematics ------------------ M-13 Machinist | -10/Materials | Hacked M-28 Smith | -8/Materials | Hacked Fabricated ------------ Nothing Repaired ---------- Hrd. Medium Armor Plating | 38% | -8/Materials Lgt. Deuterium Engine | 50% | -8/Materials Lgt. Treads | 46% | -8/Materials Lgt. Deuterium Engine | 56% | -8/Materials Lgt. Treads | 65% | -8/Materials Hvy. Armor Plating | 4% | -8/Materials Lyr. Medium Armor Plating | 50% | -8/Materials Studied --------- Adv. Treads | -8/Materials | Hacked Hvy. Particle Cannon | -8/Materials | Hacked Grenade Launcher | -8/Materials | Hacked Imp. Datajack | -8/Materials | Hacked Remote Datajack | -7/Factory | Hacked Med. Treads | -7/Factory | Hacked Lgt. Treads | -7/Factory | Hacked Alien Tech Used ----------------- None Achievements -------------- None Challenges ------------ None Game ------ Seed SpikedLightFacilitator Manual? 0 Play Time 01:28:18 Cumulative 816.6 hours Start 2026.01.05 @ 16:39:44 End 2026.01.06 @ 17:19:37 Sessions 9 Manual Loads 0 Difficulty Rogue Special Mode None Game No. 407 Rogue 407 Adventurer 0 Explorer 0 Win Type - Total 68 Types 44/5/6/4/1/1/3/2/1/1 Lore% 92 Gallery% 85 Achievement% 69 Wizard Run 0 Options --------- Layout 0 ASCII 0 Keyboard 1 Movement Numpad Keybinds 0 Fullscreen 2 Font 18/SmallcapsGlow Map View 76x50 Zoom Use 0% Tactical HUD 1 Map Filters NONE Filters NONE Steam 1 RUN: 3dfdd639-1160-4d2a-9212-bf094b656a29